 Dungeon Crawl Stone Soup version 0.25-a0-842-g81a31cfd23 (webtiles) character file.

Game seed: 9159060573107648467, levelgen mode: deterministic

4643 wullow the Blocker (level 10, 0/76 HPs)
             Began as a Demonspawn Fighter on Apr 24, 2020.
             Was a High Priest of Okawaru.
             Slain by a basilisk (6 damage)
             ... while petrified by a basilisk
             ... on level 8 of the Dungeon.
             The game lasted 00:16:15 (8762 turns).

wullow the Blocker (Demonspawn Fighter)             Turns: 8762, Time: 00:16:16

Health: 0/76       AC:  9    Str: 17    XL:     10   Next: 20%
Magic:  13/13      EV:  2    Int: 14    God:    Okawaru [*****.]
Gold:   371        SH:  0    Dex: 13    Spells: 9/9 levels left

rFire    + . .     SeeInvis .   a - +1 rapier
rCold    + . .     Gourm    .   w - +0 buckler (curse)
rNeg     + + +     Faith    .   v - +0 leather armour (curse)
rPois    ∞         Spirit   .   (helmet restricted)
rElec    .         Reflect  .   t - scarf {rC+ rF+}
rCorr    .         Harm     .   r - +0 pair of gloves
MR       .....                  u - +0 pair of boots
Stlth    +.........             (no amulet)
HPRegen  0.22/turn              (no ring)
MPRegen  0.13/turn              (no ring)

@: petrified
A: beak, hooves 1, horns 1, iridescent scales 2, clever 1, powered by pain 1,
spiny 2
a: Heroism, Finesse, Renounce Religion


You were on level 8 of the Dungeon.
You worshipped Okawaru.
Okawaru was extremely pleased with you.
You were hungry.

You visited 2 branches of the dungeon, and saw 9 of its levels.

You collected 371 gold pieces.

Inventory:

Hand Weapons
 a - a +1 rapier (weapon)
 h - a +0 dagger
 D - a +2 dagger of electrocution
 J - a +2 dagger of venom
Missiles
 e - 234 stones (quivered)
 q - 22 sling bullets
 s - 38 poisoned darts
 A - 101 arrows
Armour
 b - a +0 scale mail
 c - a +1 kite shield
 r - a +0 pair of gloves (worn)
 t - a scarf of resistance (worn)
 u - a +0 pair of boots (worn)
 v - a cursed +0 leather armour (worn)
 w - a cursed +0 buckler (worn)
 y - a cursed -2 ring mail
 C - the cursed +0 leather armour of Parlour Games {+Inv rF+ SInv, unknown}
   (You found it on level 6 of the Dungeon)

   It protects you from fire.
   It lets you see invisible.
   It lets you turn invisible.
   It has a curse placed upon it.
 H - a +0 chain mail of fire resistance
 I - a scarf of resistance
Wands
 B - a wand of iceblast (8)
 E - a wand of disintegration (11)
Scrolls
 j - 5 scrolls of amnesia
 k - 3 scrolls of magic mapping
 l - 3 scrolls of teleportation
 o - a scroll of enchant weapon
 z - a scroll of fear
 F - a scroll of identify
Potions
 d - 2 potions of might
 g - a potion of resistance
 i - a potion of cancellation
 m - 2 potions of berserk rage
 n - 3 potions of haste
 p - a potion of curing
 x - a potion of brilliance
Comestibles
 f - 13 rations


   Skills:
 + Level 5.9 Fighting
 * Level 9.8 Short Blades
 - Level 3.0 Armour
 - Level 2.0 Dodging
 * Level 10.1 Shields
 + Level 4.4 Invocations


You had 9 spell levels left.
You didn't know any spells.
Your spell library contained the following spells:

 Spells                   Type           Power        Failure   Level  Hunger
 Animate Skeleton         Necr           N/A          34%         1    ##.....
 Apportation              Tloc           #.....       34%         1    ##.....
 Corona                   Hex            #......      34%         1    ##.....
 Summon Small Mammal      Summ           #...         34%         1    ##.....


Dungeon Overview and Level Annotations

Branches:
Dungeon (8/15)             Temple (1/1) D:6            Lair (0/6) D:8

Altars:
Ashenzari
Cheibriados
Dithmenos
Elyvilon
Fedhas
Gozag
Hepliaklqana
Kikubaaqudgha
Makhleb
Okawaru
Qazlal
Ru
Sif Muna
Trog
Uskayaw
Vehumet
Wu Jian
Xom
Yredelemnul
Zin
The Shining One


Innate Abilities, Weirdness & Mutations

You are mostly covered in iridescent scales. (AC +4)
You sometimes gain a little power by taking damage.
You are mostly covered in sharp spines.
You have a beak for a mouth.
You have large cloven feet.
You have a pair of small horns on your head.
Your mind is acute. (Int +2)


Message History

You kill the porcupine!
Okawaru accepts your kill. The basilisk gazes at you.
You resist with some effort. The basilisk gazes at you.
You are slowing down.
Things that are here:
a +0 hand axe; a +0 whip; a +0 leather armour Your limbs are stiffening.
There is a stone staircase leading up, spattered with blood here.
You have turned to stone.
The basilisk gazes at you. The basilisk gazes at you.
You resist with some effort. The basilisk bites you!
* * * LOW HITPOINT WARNING * * *
The basilisk bites you.
* * * LOW HITPOINT WARNING * * *
The basilisk is struck by your spines. The basilisk bites you!
You die...

..# ######## ..
#......# ..
#...##.# .
#...##.# #
#...##.# #
#...##.# # ###
######.# # #.# #.#
#####'### #@#
).......########l#
.))).......ol.†or#
....)......r####.#
............# #.#
............# #.#
............# #.#
...###......# #.#
...# ######## #.#


You could see a basilisk, a porcupine and an orc.

Vanquished Creatures
  Grinder (D:6)
  A hippogriff (D:7)
  Sigmund (D:3)
  4 yaks (D:8)
  Grum (D:8)
  2 porcupines (D:8)
  3 orc warriors
  A phantom (D:4)
  A hornet zombie (D:7)
  2 ice beasts
  A black bear (D:7)
  4 ogres
  2 wolves (D:8)
  A centaur (D:5)
  A crocodile (D:8)
  A big kobold (D:8)
  5 bullfrogs
  3 scorpions
  2 crimson imps
  A centaur zombie (D:7)
  5 jellies
  2 quasits
  A bullfrog zombie (D:5)
  A centaur skeleton (D:8)
  3 orc priests
  2 hounds
  10 orc wizards
  2 iguanas
  Terence (D:2)
  2 worker ants
  A hound zombie (D:8)
  A hound skeleton (D:5)
  10 adders
  A shadow imp (D:5)
  3 dart slugs
  5 leopard geckos
  39 orcs
  2 ball pythons
  7 giant cockroaches
  12 goblins
  11 hobgoblins
  8 jackals
  5 quokkas
  5 bats
  3 frilled lizards
  12 kobolds
  7 rats
199 creatures vanquished.

Vanquished Creatures (others)
  A plant (D:8)
1 creature vanquished.

Grand Total: 200 creatures vanquished

Notes
Turn   | Place    | Note
-------+----------+-------------------------------------------
     0 | D:1      | wullow the Demonspawn Fighter began the quest for the Orb.
     0 | D:1      | Reached XP level 1. HP: 18/18 MP: 1/1
   216 | D:1      | Gained mutation: You sometimes gain a little power by
                  | taking damage. [demonic ancestry]
   216 | D:1      | Reached XP level 2. HP: 24/24 MP: 2/2
   282 | D:1      | Reached skill level 3 in Shields
   936 | D:1      | Reached XP level 3. HP: 28/29 MP: 3/3
  1241 | D:2      | Noticed Terence
  1474 | D:2      | Killed Terence
  1746 | D:2      | Gained mutation: You are dopey. (Int -2) [potion of
                  | mutation]
  1746 | D:2      | Gained mutation: You have a pair of small horns on your
                  | head. [potion of mutation]
  1753 | D:2      | Gained mutation: You are partially covered in iridescent
                  | scales. (AC +2) [demonic ancestry]
  1753 | D:2      | Reached XP level 4. HP: 15/35 MP: 4/4
  1776 | D:2      | Reached skill level 8 in Shields
  1776 | D:2      | Gained mutation: You are mostly covered in iridescent
                  | scales. (AC +4) [demonic ancestry]
  1776 | D:2      | Reached XP level 5. HP: 12/41 MP: 5/5
  2274 | D:2      | Found a shimmering blue altar of Sif Muna.
  2610 | D:3      | Reached XP level 6. HP: 20/47 MP: 6/6
  2828 | D:3      | Noticed Sigmund
  2847 | D:3      | Killed Sigmund
  2847 | D:3      | Reached skill level 1 in Dodging
  3056 | D:3      | Found a blossoming altar of Fedhas.
  3057 | D:3      | Found an iron altar of Okawaru.
  3066 | D:3      | Became a worshipper of Warmaster Okawaru
  3128 | D:3      | Lost mutation: You have a pair of small horns on your head.
                  | [potion of mutation]
  3128 | D:3      | Lost mutation: You are dopey. (Int -2) [potion of mutation]
  3128 | D:3      | Gained mutation: You have large cloven feet. [potion of
                  | mutation]
  3128 | D:3      | Gained mutation: You have a beak for a mouth. [potion of
                  | mutation]
  3128 | D:3      | Gained mutation: You have a pair of small horns on your
                  | head. [potion of mutation]
  3128 | D:3      | Gained mutation: Your mind is acute. (Int +2) [potion of
                  | mutation]
  3220 | D:3      | Found a burning altar of Makhleb.
  3363 | D:4      | Reached XP level 7. HP: 46/54 MP: 7/7
  4347 | D:4      | Reached * piety under Okawaru
  4558 | D:5      | Entered Level 5 of the Dungeon
  4815 | D:5      | Found a sacrificial altar of Ru.
  4892 | D:5      | Reached XP level 8. HP: 45/61 MP: 8/8
  5815 | D:6      | Found a snail-covered altar of Cheibriados.
  5825 | D:6      | Reached skill level 9 in Shields
  5832 | D:6      | Reached ** piety under Okawaru
  5946 | D:6      | Found a staircase to the Ecumenical Temple.
  5951 | Temple   | Entered the Ecumenical Temple
  6357 | D:6      | Got a jade-encrusted leather armour
  6436 | D:6      | Noticed Grinder
  6445 | D:6      | Killed Grinder
  6445 | D:6      | Reached skill level 1 in Invocations
  6556 | D:6      | Found an ornate altar of the Wu Jian Council.
  6594 | D:6      | Found a shadowy altar of Dithmenos.
  6876 | D:7      | Reached skill level 5 in Fighting
  6876 | D:7      | Gained mutation: You are partially covered in sharp spines.
                  | [demonic ancestry]
  6876 | D:7      | Reached XP level 9. HP: 54/68 MP: 10/10
  7035 | D:7      | Reached *** piety under Okawaru
  7556 | D:7      | Found a glowing golden altar of the Shining One.
  8436 | D:8      | Reached **** piety under Okawaru
  8484 | D:8      | Noticed Grum
  8522 | D:8      | Killed Grum
  8679 | D:8      | Found a staircase to the Lair.
  8685 | D:8      | Received a gift from Okawaru
  8685 | D:8      | Gained mutation: You are mostly covered in sharp spines.
                  | [demonic ancestry]
  8685 | D:8      | Reached XP level 10. HP: 60/76 MP: 12/12
  8697 | D:8      | Reached skill level 10 in Shields
  8752 | D:8      | Reached ***** piety under Okawaru
  8762 | D:8      | Slain by a basilisk

Levels and vault maps discovered:
D:1:      heliophobic_arrival_henge, layout_rooms
D:2:      layout_basic, led_sif_pool, uniq_terence
D:3:      layout_rooms, fedhas_altar_3, okawaru_trees_1, lemuel_round_altar,
          first_ration, uniq_sigmund
D:4:      layout_cave_pods, kennysheep_path_1, eino_tiny_chamber
D:5:      layout_basic, hangedman_abyss_or_decor_jellyfish_corner,
          nicolae_ru_awakened_eye
D:6:      layout_basic, old_standard_altar, cheibriados_altar_1,
          minmay_temple_entry_nine_rooms, basic_altar, uniq_grinder
D:7:      layout_rooms, nicolae_tso_carved_into_rock
D:8:      layout_basic, lemuel_doored_altar, minmay_lair_entry_grove,
          serial_shops, nicolae_shop_window_shopping, basic_altar,
          hangedman_little_slice_of_home, kennysheep_generic_room_12, uniq_grum
Temple:   eino_temple_water

Skill      XL: |  1  2  3  4  5  6  7  8  9 10 |
---------------+-------------------------------+-----
Short Blades   | 2 7 8 9 |  9.8
Shields        | 3 8 9 10 | 10.1
Armour         | 3 |  3.0
Dodging        | 1 2 |  2.0
Fighting       | 4 5 |  5.9
Invocations    | 1 3 4 |  4.4

Action                   |  1- 3 |  4- 6 |  7- 9 | 10-12 || total
-------------------------+-------+-------+-------+-------++-------
Melee: Rapier            |    62 |   182 |   398 |    32 ||   674
       Dagger            |   182 |       |       |       ||   182
       Headbutt          |     2 |    22 |    83 |     6 ||   113
       Peck              |       |     5 |    62 |     7 ||    74
Throw: Stone             |       |     4 |       |       ||     4
  Use: Potion            |     2 |     2 |       |       ||     4
       Scroll            |       |       |    12 |       ||    12
  Eat: Chunk             |     3 |     5 |    17 |       ||    25
Armor: Scale mail        |   121 |    58 |       |       ||   179
       Leather armour    |       |       |    93 |     2 ||    95
Dodge: Dodged            |    80 |    35 |   138 |    10 ||   263
Block: Kite shield       |   128 |    84 |       |       ||   212
       Buckler           |       |       |    87 |     6 ||    93

Table legend:
 A = Non-vault XP
 B = Vault XP
 C = Vault XP percentage of total XP
 D = Non-vault monster count
 E = Vault monster count
 F = Vault count percentage of total count
                 A         B        C        D         E       F
            +---------+---------+-------+---------+---------+-------
      Total |    4372 |    2136 |  32.8 |     186 |      13 |   6.5
            +---------+---------+-------+---------+---------+-------
        D:1 |      48 |       0 |   0.0 |      25 |       0 |   0.0
        D:2 |     100 |      36 |  26.5 |      27 |       1 |   3.6
        D:3 |     144 |     205 |  58.7 |      26 |       1 |   3.7
        D:4 |     530 |       0 |   0.0 |      23 |       0 |   0.0
        D:5 |     603 |       0 |   0.0 |      13 |       0 |   0.0
        D:6 |     584 |     267 |  31.4 |      14 |       1 |   6.7
        D:7 |    1965 |       0 |   0.0 |      43 |       0 |   0.0
        D:8 |     398 |    1628 |  80.4 |      15 |      10 |  40.0
            +---------+---------+-------+---------+---------+-------
